 Dungeon Crawl Stone Soup version 0.26-a0-757-g626ac9e51a (webtiles) character file.

Game seed: 17803757590169350966

33818 miscthings the Fighter (level 13, -3/124 HPs)
             Began as a Palentonga Delver on Nov 8, 2020.
             Was a High Priest of Okawaru.
             Slain by an ice devil (12 damage)
             ... on level 1 of the Orcish Mines.
             The game lasted 00:41:19 (12653 turns).

miscthings the Fighter (Palentonga Delver)         Turns: 12653, Time: 00:41:19

Health: -3/124     AC: 17    Str: 21    XL:     13   Next: 38%
Magic:  0/28       EV: 12    Int: 12    God:    Okawaru [*****.]
Gold:   1165       SH:  0    Dex: 12    Spells: 20/20 levels left

rFire    . . .     SeeInvis +   k - +4 whip (drain)
rCold    . . .     Faith    .   (no shield)
rNeg     . . .     Spirit   +   L - +0 leather armour of the Three Artisans {rPois Str+2}
rPois    +         Reflect  .   o - +2 hat
rElec    .         Harm     .   (no cloak)
rCorr    .         Rampage  .   E - +2 pair of gloves
MR       .....                  (no barding)
Stlth    +++.......             l - amulet of guardian spirit
HPRegen  0.30/turn              h - ring of poison resistance
MPRegen  0.21/turn              O - ring of magical power

@: curled up
A: large, rugged brown scales 3, see invisible, deformed body, roll, armoured
tail, reflexive curl
a: Rolling Charge, Heroism, Finesse, Renounce Religion


You were on level 1 of the Orcish Mines.
You worshipped Okawaru.
Okawaru was extremely pleased with you.
You visited 3 branches of the dungeon, and saw 14 of its levels.

You collected 1589 gold pieces.
You spent 424 gold pieces at shops.

Inventory:

Hand Weapons
 k - a +4 whip of draining (weapon)
 r - a +4 war axe
 x - the +7 rapier of Fee Simple {vorpal, rPois rF+}
   (You found it on level 6 of the Dungeon)

   It inflicts extra damage upon your enemies.
   It protects you from fire.
   It protects you from poison.
Missiles
 s - 5 datura-tipped darts
 N - 8 curare-tipped darts (quivered)
Armour
 o - a +2 hat (worn)
 B - a +1 chain mail of magic resistance
 E - a +2 pair of gloves (worn)
 L - the +0 leather armour of the Three Artisans (worn) {rPois Str+2}
   (You bought it in a shop on level 7 of the Dungeon)

   It affects your strength (+2).
   It protects you from poison.
Jewellery
 h - a ring of poison resistance (left hand)
 l - an amulet of guardian spirit (around neck)
 O - a ring of magical power (right hand)
Wands
 a - a wand of enslavement (10)
 b - a wand of flame (2)
 d - a wand of iceblast (18)
 g - a wand of digging (3)
 C - a wand of paralysis (8)
Scrolls
 c - 2 scrolls of fog
 e - 2 scrolls of fear
 i - a scroll of vulnerability
 m - 2 scrolls of magic mapping
 p - a scroll of amnesia
 q - a scroll of blinking
 t - 2 scrolls of enchant weapon
 u - a scroll of teleportation
 y - a scroll of enchant armour
 A - a scroll of immolation
 J - 2 scrolls of remove curse
Potions
 f - 2 potions of haste
 j - 2 potions of brilliance
 n - a potion of curing
 v - a potion of magic
 z - a potion of flight
 D - a potion of lignification
 I - a potion of mutation
 K - a potion of attraction


   Skills:
 + Level 11.5 Fighting
 - Level 6.6(9.9) Axes
 - Level 11.3(12.0) Maces & Flails
 + Level 6.1 Armour
 + Level 6.4 Dodging
 + Level 5.1 Stealth
 + Level 4.3 Spellcasting
 + Level 5.2 Invocations
 + Level 4.3 Evocations


You had 20 spell levels left.
You didn't know any spells.
Your spell library contained the following spells:

 Spells                   Type           Power        Failure   Level
 Animate Skeleton         Necr           #.....       26%         1
 Beastly Appendage        Tmut           #.....       26%         1
 Corona                   Hex            #......      26%         1
 Foxfire                  Conj/Fire      #...         26%         1
 Pain                     Necr           #...         26%         1
 Ensorcelled Hibernation  Hex/Ice        #.....       36%         2
 Wereblood                Tmut           #.......     36%         2
 Confusing Touch          Hex            #.......     58%         3
 Conjure Flame            Conj/Fire      #.......     58%         3
 Dazzling Flash           Conj/Hex       #.....       58%         3
 Inner Flame              Hex/Fire       #.......     58%         3
 Spider Form              Tmut/Pois      #.........   58%         3
 Tukima's Dance           Hex            #.......     58%         3
 Vampiric Draining        Necr           #.........   58%         3
 Animate Dead             Necr           #.........   94%         4
 Ice Form                 Ice/Tmut       #.......     94%         4
 Sticky Flame             Conj/Fire      #.......     94%         4
 Agony                    Necr           #.......     100%        5
 Blade Hands              Tmut           #.........   100%        5
 Borgnjor's Vile Clutch   Necr/Erth      #.........   100%        5
 Fireball                 Conj/Fire      #.........   100%        5
 Silence                  Hex/Air        #.........   100%        5
 Shadow Creatures         Summ           N/A          100%        6


Dungeon Overview and Level Annotations

Branches:
Dungeon (11/15)            Temple (1/1) D:6            Lair (0/6) D:8
    Orc (2/2) D:9
    Elf: Orc:2

Altars:
Ashenzari
Cheibriados
Dithmenos
Elyvilon
Fedhas
Hepliaklqana
Kikubaaqudgha
Makhleb
Nemelex Xobeh
Okawaru
Qazlal
Ru
Sif Muna
Trog
Vehumet
Wu Jian
Xom
Zin
The Shining One

Shops:
D:7 [   D:8 *[   D:11 =

Annotations:
D:4 Maimakterion's ghost, amateur TrMo
D:6 1 runed translucent door, zarzak's ghost, novice OpFi


Innate Abilities, Weirdness & Mutations

You are completely covered in rugged brown scales. (AC +3, +7% HP)
You have supernaturally acute eyesight. (SInv)
Armour fits poorly on your strangely shaped body.
You can roll at foes to attack.
You have a long armoured tail.
You curl defensively after being hit.


Message History

Okay, then.
Okay, then.
Okay, then.
Drop what? 36/52 slots (_ for help) (? for menu, Esc to quit)
Okay, then.
Throwing (i - inventory. (/) - cycle)
N - 8 curare-tipped darts (quivered)
Press: ? - help, Shift-Dir - straight line, f/p - ice devil
Aim: an ice devil (lightly wounded)
Okay, then.
Press: ? - help, v - describe, . - travel The floor.
Drop what? 36/52 slots (_ for help) (? for menu, Esc to quit)
Okay, then.
Okay, then.
Okay, then.
There is a stone staircase leading down here.
The ice devil hits you.
* * * LOW HITPOINT WARNING * * *
The ice devil freezes you!
You die...

### ##########
######.###.##.##..######
##..##...#..........#.#.#
###....##.#.#..............
##.#....#.....#.............
#........#...............###
##.#.....................#
###....)..@............##
#......#4...........##
##..#.#............##
###........[........##
##.....#....#.......##
#.................##.##
##.#..................#
###....#...........^##
#....##...#.........#


You could see an ice devil.

Vanquished Creatures
  A stone giant (Orc:2)
  A boulder beetle (D:8)
  Erica (D:9)
  2 two-headed ogres
  Sonja (D:10)
  Nergalle (D:11)
  A glowing orange brain (D:8)
  Pikel (D:6)
  An orc knight (Orc:1)
  An ugly thing (D:11)
  A gargoyle (D:11)
  A centaur skeleton (D:10)
  5 trolls
  A hornet (D:7)
  8 water moccasins
  13 orc warriors
  7 ice beasts
  2 black bears (D:8)
  3 sky beasts
  9 ogres
  3 phantoms
  2 necrophages
  3 centaurs
  A big kobold (D:8)
  13 bullfrogs
  A wyvern skeleton (D:11)
  A water moccasin zombie (D:8)
  A scorpion (D:4)
  5 killer bees (D:7)
  4 electric eels (D:9)
  12 wights
  5 hounds
  2 jellies (D:10)
  6 orc priests
  17 orc wizards
  2 iguanas
  9 worker ants
  3 hound skeletons
  A worker ant zombie (D:10)
  8 adders
  4 gnolls (D:6)
  3 shadow imps
  3 white imps
  An ufetubus (D:8)
  2 oozes
  An adder skeleton (D:5)
  3 worms
  10 leopard geckos
  46 orcs
  3 ball pythons
  4 giant cockroaches
  5 goblins
  9 hobgoblins
  18 jackals
  7 quokkas
  6 bats
  9 frilled lizards
  A jackal zombie (D:8)
  5 kobolds
  A leopard gecko skeleton (D:8)
  A quokka skeleton (D:4)
  5 rats
307 creatures vanquished.

Vanquished Creatures (collateral kills)
  An orc priest (D:9)
  A leopard gecko (D:6)
2 creatures vanquished.

Vanquished Creatures (others)
  An ugly thing (D:11)
  An orc warrior (Orc:1)
  An orc (D:6)
  23 fungi (D:8)
  24 plants (D:8)
50 creatures vanquished.

Grand Total: 359 creatures vanquished

Notes
Turn   | Place    | Note
-------+----------+-------------------------------------------
     0 | D:5      | miscthings the Palentonga Delver began the quest for the
                  | Orb.
     0 | D:5      | Reached XP level 1. HP: 20/20 MP: 1/1
   109 | D:5      | Noticed an orc wizard
   114 | D:5      | Noticed an orc wizard
   131 | D:5      | Killed an orc wizard
   131 | D:5      | Reached XP level 2. HP: 12/27 MP: 2/2
   131 | D:5      | Reached XP level 3. HP: 14/33 MP: 3/3
   336 | D:5      | Noticed a phantom
   353 | D:5      | Killed a phantom
   353 | D:5      | Reached skill level 5 in Axes
   353 | D:5      | Reached XP level 4. HP: 15/40 MP: 4/4
   353 | D:5      | Reached XP level 5. HP: 18/48 MP: 5/5
   409 | D:5      | Noticed a sky beast
   597 | D:4      | Noticed an ogre
   610 | D:4      | Killed an ogre
   614 | D:4      | Reached XP level 6. HP: 6/54 MP: 6/6
  1025 | D:4      | Found a runed translucent door.
  1025 | D:4      | Noticed Maimakterion's ghost (amateur TrMo)
  1798 | D:4      | Reached skill level 1 in Maces & Flails
  2310 | D:5      | Noticed an ice beast
  2318 | D:5      | Killed an ice beast
  2325 | D:5      | Gained mutation: You curl defensively after being hit.
                  | [Palentonga growth]
  2325 | D:5      | Reached XP level 7. HP: 54/60 MP: 5/7
  2621 | D:5      | Reached skill level 5 in Maces & Flails
  3151 | D:6      | Found an ornate altar of the Wu Jian Council.
  3154 | D:6      | Found a burning altar of Makhleb.
  3162 | D:6      | Found a blossoming altar of Fedhas.
  3176 | D:6      | Found a bloodstained altar of Trog.
  3286 | D:6      | Found a shimmering altar of Xom.
  3788 | D:6      | Noticed Pikel
  3805 | D:6      | Killed Pikel
  3805 | D:6      | Reached XP level 8. HP: 46/67 MP: 3/8
  3939 | D:6      | Got a bloodstained rapier
  3940 | D:6      | Identified the +7 rapier of Fee Simple {vorpal, rPois rF+}
                  | (You found it on level 6 of the Dungeon)
  4015 | D:6      | Found a runed translucent door.
  4015 | D:6      | Noticed zarzak's ghost (novice OpFi)
  4017 | D:6      | Found a staircase to the Ecumenical Temple.
  4050 | Temple   | Entered the Ecumenical Temple
  4058 | Temple   | Became a worshipper of Warmaster Okawaru
  4377 | D:2      | Found a blossoming altar of Fedhas.
  5422 | D:7      | HP: 3/67 [killer bee (5)]
  5453 | D:6      | Reached * piety under Okawaru
  5453 | D:6      | Reached XP level 9. HP: 6/73 MP: 0/9
  5844 | D:7      | Reached skill level 10 in Maces & Flails
  6446 | D:7      | Found Yguas's Antique Armour Shoppe.
  6449 | D:7      | Bought a slimy ring mail for 225 gold pieces
  6459 | D:7      | Identified the +0 ring mail of the Orcish Mines {Int+2}
                  | (You bought it in a shop on level 7 of the Dungeon)
  6459 | D:7      | Bought a slimy leather armour for 175 gold pieces
  6469 | D:7      | Identified the +0 leather armour of the Three Artisans
                  | {rPois Str+2} (You bought it in a shop on level 7 of the
                  | Dungeon)
  6513 | D:7      | Reached ** piety under Okawaru
  6750 | D:8      | Reached skill level 1 in Invocations
  6768 | D:8      | Found a snail-covered altar of Cheibriados.
  6770 | D:8      | Found Cheibriados's Comfort Zone.
  6808 | D:8      | Reached skill level 1 in Evocations
  6822 | D:8      | Noticed a two-headed ogre
  6900 | D:8      | Found a staircase to the Lair.
  6911 | D:8      | Reached skill level 1 in Armour
  6921 | D:8      | Reached skill level 1 in Spellcasting
  7114 | D:8      | Reached XP level 10. HP: 61/83 MP: 8/12
  7165 | D:8      | Reached *** piety under Okawaru
  7204 | D:8      | Found Itaj's General Store.
  7209 | D:8      | Bought a scroll of identify for 24 gold pieces
  7213 | D:8      | Reached skill level 10 in Fighting
  7213 | D:8      | Reached XP level 11. HP: 79/108 MP: 13/13
  7216 | D:8      | Found a shadowy altar of Dithmenos.
  7335 | D:8      | Noticed a glowing orange brain
  7335 | D:8      | a two-headed ogre changed into a glowing orange brain
  7346 | D:8      | Killed a glowing orange brain
  7657 | D:8      | Noticed a death knight
  8117 | D:8      | Noticed a boulder beetle
  8187 | D:8      | Killed a boulder beetle
  8187 | D:8      | Reached **** piety under Okawaru
  8885 | D:9      | Noticed Erica
  8971 | D:9      | Found a shimmering blue altar of Sif Muna.
  9134 | D:9      | Killed Erica
  9190 | D:9      | Found a staircase to the Orcish Mines.
  9599 | D:9      | Found a glowing silver altar of Zin.
  9614 | D:9      | Found a stormy altar of Qazlal.
  9777 | D:10     | Entered Level 10 of the Dungeon
 10226 | D:10     | Noticed Sonja
 10279 | D:10     | Killed Sonja
 10279 | D:10     | Reached ***** piety under Okawaru
 10660 | D:10     | Noticed a two-headed ogre
 10668 | D:10     | Killed a two-headed ogre
 10921 | D:11     | Noticed a purple ugly thing
 10922 | D:11     | Noticed a two-headed ogre
 10934 | D:11     | Killed a two-headed ogre
 10934 | D:11     | Reached XP level 12. HP: 65/117 MP: 9/17
 11125 | D:11     | Found a shimmering altar of Xom.
 11170 | D:11     | Noticed Nergalle
 11202 | D:11     | Killed Nergalle
 11359 | D:11     | Found Foadiop's Jewellery Boutique.
 11847 | Orc:1    | Entered Level 1 of the Orcish Mines
 11867 | Orc:1    | Received a gift from Okawaru
 11912 | Orc:1    | Reached skill level 5 in Stealth
 11987 | Orc:1    | Reached skill level 5 in Invocations
 12303 | Orc:2    | Entered Level 2 of the Orcish Mines
 12380 | Orc:2    | Noticed a stone giant
 12387 | Orc:2    | Reached XP level 13. HP: 76/124 MP: 19/19
 12402 | Orc:2    | Killed a stone giant
 12639 | Orc:1    | HP: 6/124 [ice devil (20)]
 12653 | Orc:1    | Slain by an ice devil

Illustrated notes

Levels and vault maps discovered:
D:1:      elethiomel_arrival_maze, layout_basic
D:2:      layout_rooms, fedhas_ov_isle_minmay
D:3:      layout_basic, kennysheep_generic_room_15
D:4:      layout_basic, gammafunk_ghost_grave, grunt_ministairs_6,
          chequers_serial_rivers_large_b
D:5:      layout_gridville, st_stairs_14
D:6:      layout_basic, grunt_temple_overflow_cloverleaf, temple_doors_ab,
          ebering_ghost_inner_flame, xom_teletrap_fun, uniq_pikel
D:7:      minmay_slanted_spiral_squares, layout_gridville, serial_shops,
          nicolae_shop_behind_doors
D:8:      layout_loops_ring, nicolae_overflow_hidden_temple,
          due_lair_maze_entry_diamond, serial_shops, nicolae_shop_stone,
          minmay_shop_chei, minmay_pinched_square
D:9:      kennysheep_orc_sif_temple, layout_basic, minitemple, erik_orc_2,
          uniq_erica
D:10:     layout_grid_maze, uniq_sonja
D:11:     layout_roguey, basic_altar, serial_shops, nicolae_shop_statue_plus,
          uniq_nergalle
Temple:   eino_narrow_crystal_temple
Orc:1:    layout_caves, portal_ice_cave_demonic_guard
Orc:2:    st_orc_congregation, layout_diamond_mine

Skill      XL: |  1  2  3  4  5  6  7  8  9 10 11 12 |
---------------+-------------------------------------+-----
Axes           | 3 5 6 |  6.6
Maces & Flails | 3 8 9 11 | 11.3
Invocations    | 2 4 5 |  5.2
Dodging        | 2 4 6 |  6.4
Evocations     | 1 3 4 |  4.3
Armour         | 1 3 6 |  6.1
Spellcasting   | 1 3 4 |  4.3
Fighting       | 10 11 | 11.5
Stealth        | 4 5 |  5.1

Action                   |  1- 3 |  4- 6 |  7- 9 | 10-12 | 13-15 || total
-------------------------+-------+-------+-------+-------+-------++-------
Melee: Hand axe          |    32 |    58 |       |       |       ||    90
       Tailslap          |     4 |    14 |    53 |    98 |     7 ||   176
       Whip              |       |    65 |   441 |   597 |    23 ||  1126
Throw: Dart              |       |       |     2 |    14 |     1 ||    17
Invok: Heroism           |       |       |       |     1 |       ||     1
 Abil: Rolling Charge    |     5 |    30 |    16 |    25 |     3 ||    79
Evoke: Wand              |       |       |     3 |    26 |     1 ||    30
  Use: Scroll            |       |     3 |     5 |    13 |       ||    21
       Potion            |       |       |     3 |     3 |     2 ||     8
 Stab: Sleeping          |       |     3 |       |     5 |       ||     8
Armor: Leather armour    |     4 |    30 |    79 |   117 |     3 ||   233
       Chain mail        |       |       |    99 |       |       ||    99
Dodge: Dodged            |    12 |    42 |   143 |   207 |     4 ||   408

Table legend: (Time is in decaauts)
 A = Elapsed time spent in this place.
 B = Non-inter-level travel time spent in this place.
 C = Inter-level travel time spent in this place.
 D = Time resting spent in this place.
 E = Time spent auto-exploring this place.
 F = Levels seen in this place.
 G = Mean time per level.
                   A        B        C        D        E       F      G
               +--------+--------+--------+--------+--------+-----+--------+
         Total |  12227 |  11497 |    730 |   2765 |   6046 |  14 |  873.4 |
       Dungeon |  11463 |  10751 |    712 |   2698 |   5705 |  11 | 1042.1 |
        Temple |     16 |      8 |      8 |      0 |      0 |   1 |   16.0 |
  Orcish Mines |    747 |    739 |      8 |     67 |    341 |   2 |  373.5 |
               +--------+--------+--------+--------+--------+-----+--------+

Top non-repeatable levels by time:
     D:6: 1755 daAuts
     D:7: 1407 daAuts
     D:9: 1343 daAuts
    D:10: 1152 daAuts
     D:5: 1139 daAuts
     D:8: 1139 daAuts
     D:4: 1103 daAuts
    D:11: 810 daAuts
     D:3: 696 daAuts
   Orc:1: 547 daAuts
     D:1: 541 daAuts
     D:2: 372 daAuts
   Orc:2: 199 daAuts
  Temple: 16 daAuts
